 Dungeon Sprint DCSS version 0.19.1 (webtiles) character file.

378 equalderp2856 the Gouger (level 6, -4/31 HPs)
             Began as a Felid Fighter on Dec 20, 2016.
             Slain by a centaur warrior (13 damage)
             ... in the Dungeon (Sprint IX: "|||||||||||||||||||||||||||||").
             The game lasted 00:03:37 (2030 turns).

equalderp2856 the Gouger (Felid Fighter)            Turns: 2030, Time: 00:03:38

Health: -4/31      AC:  2    Str: 13    XL:     6   Next: 45%
Magic:  7/7        EV: 27    Int:  9    God:
Gold:   650        SH:  0    Dex: 17    Spells: 0 memorised, 5 levels left
                                        Lives:  0   Deaths: 2

rFire  . . .     SeeInvis +       - Unarmed
rCold  . . .     Gourm    .     (armour unavailable)
rNeg   . . .     Faith    .     (shield unavailable)
rPois  .         Spirit   .     (helmet unavailable)
rElec  .         Reflect  .     (cloak unavailable)
rCorr  .         Harm     .     (gloves unavailable)
MR     .....     NoTele   +     (boots unavailable)
Stlth  ++++......               (no amulet)
                                (no ring)
                                (no ring)

@: quick
A: no armour, no weapons or thrown items, stealth, claws 1, fangs 3, see
invisible, carnivore 3, speed 1, shaggy fur 2, slow metabolism 1, sharp paws
a: no special abilities


You were in the Dungeon.
You were not hungry.

You visited 1 branch You collected 650 gold pieces.

Inventory:

Jewellery
 m - a +3 ring of dexterity
 n - a +2 ring of protection
Wands
 l - a wand of acid (7/15)
Scrolls
 h - 2 scrolls of blinking
 j - 3 scrolls of remove curse
 k - 2 scrolls of amnesia
Potions
 c - a potion of curing
 e - a potion of haste
 f - 4 potions of magic
 g - a potion of berserk rage
 i - a potion of invisibility
Comestibles
 b - 13 meat rations


   Skills:
 + Level 6.6 Fighting
 + Level 11.4 Dodging
 + Level 6.5 Stealth
 + Level 13.6 Unarmed Combat


You had 5 spell levels left.
You didn't know any spells.

Dungeon Overview and Level Annotations

Branches:
Dungeon (1/1)

Altars:
Cheibriados
Dithmenos
Elyvilon
Fedhas
Gozag
Hepliaklqana
Kikubaaqudgha
Makhleb
Nemelex Xobeh
Okawaru
Qazlal
Ru
Sif Muna
Trog
Uskayaw
Vehumet
Xom
Yredelemnul
Zin
The Shining One
Beogh
Jiyva
Lugonu


Innate Abilities, Weirdness & Mutations

You cannot wear armour.
You are incapable of wielding weapons or throwing items.
Your paws allow you to move quietly. (Stealth)
You have sharp claws.
You have razor-sharp teeth.
You have supernaturally acute eyesight. (SInv)
You are carnivorous and can eat meat at any time.
You cover ground quickly.
You are covered in thick fur. (AC +2)
You have a slow metabolism.
Your sharp claws are effective at attacking unaware monsters.


Message History

You kill the worker ant!
You see here a worker ant corpse.
Things that are here:
a giant club; a shortbow; 20 arrows
There is an open door to the Dungeon, spattered with blood here.
You see here a +2 ring mail.
You see here a +0 pair of gloves.
You see here a +0 cloak.
Items here: ))))))
You see here an uncursed staff of energy.
The centaur warrior shouts!
The centaur warrior hits you. The centaur warrior misses you.
You scratch the centaur warrior.
The centaur warrior is lightly wounded.
The centaur warrior hits you!
* * * LOW HITPOINT WARNING * * *
You scratch the centaur warrior but do no damage.
The centaur warrior is lightly wounded.
The centaur warrior hits you!
You die...

+.
▓▓▓▓▓▓▓▓▓▓▓▓▓▓▓▓▓▓▓▓▓▓▓▓▓▓▓▓▓▓▓▓▓
.....Y..........YYYYYY†.....)....
▓▓▓▓▓▓▓▓▓▓▓▓▓▓▓▓▓▓▓▓▓▓▓▓▓▓▓▓▓▓▓▓▓
Y[.Y')))/..Y.Y
▓▓▓▓▓▓▓▓▓▓▓▓▓▓▓▓▓▓▓▓▓▓▓▓▓▓▓▓▓▓▓▓
................................
▓▓▓▓▓▓▓▓▓▓▓▓▓▓▓▓▓▓▓▓▓▓▓▓▓▓▓▓▓▓▓▓▓
'...†.)'..[[[)|.@c.______________
▓▓▓▓▓▓▓▓▓▓▓▓▓▓▓▓▓▓▓▓▓▓▓▓▓▓▓▓▓▓▓▓▓


You could see a centaur warrior.

Vanquished Creatures
  A troll (D)
  A vampire (D)
  2 orc warriors (D)
  2 ogres (D)
  A centaur (D)
  3 orc priests (D)
  A jelly (D)
  3 orc wizards (D)
  2 worker ants (D)
  A worm (D)
  6 orcs (D)
  A giant cockroach (D)
  A goblin (D)
  2 quokkas (D)
  A frilled lizard (D)
  3 rats (D)
31 creatures vanquished.

Notes
Turn   | Place    | Note
-------+----------+-------------------------------------------
     0 | D        | equalderp2856 the Felid Fighter began the quest for the Orb.
     0 | D        | Reached XP level 1. HP: 10/10 MP: 2/2
    18 | D        | Noticed an orc wizard
    22 | D        | Killed an orc wizard
    22 | D        | Reached skill level 5 in Dodging
    22 | D        | Reached skill level 1 in Stealth
    22 | D        | Reached skill level 6 in Unarmed Combat
    22 | D        | Reached XP level 2. HP: 14/15 MP: 3/3
    22 | D        | Reached XP level 3. HP: 17/18 MP: 4/4
   174 | D        | Found a roughly hewn altar of Beogh.
   174 | D        | Found a snail-covered altar of Cheibriados.
   174 | D        | Found a shadowy altar of Dithmenos.
   174 | D        | Found a white marble altar of Elyvilon.
   174 | D        | Found a blossoming altar of Fedhas.
   174 | D        | Found an opulent altar of Gozag.
   175 | D        | Found a hazy altar of Hepliaklqana.
   176 | D        | Found a viscous altar of Jiyva.
   177 | D        | Found an ancient bone altar of Kikubaaqudgha.
   178 | D        | Found a corrupted altar of Lugonu.
   179 | D        | Found a burning altar of Makhleb.
   180 | D        | Found a sparkling altar of Nemelex Xobeh.
   181 | D        | Found an iron altar of Okawaru.
   182 | D        | Found a stormy altar of Qazlal.
   183 | D        | Found a sacrificial altar of Ru.
   184 | D        | Found a deep blue altar of Sif Muna.
   185 | D        | Found a bloodstained altar of Trog.
   186 | D        | Found a hide-covered altar of Uskayaw.
   187 | D        | Found a radiant altar of Vehumet.
   214 | D        | Found a shimmering altar of Xom.
   215 | D        | Found a basalt altar of Yredelemnul.
   216 | D        | Found a glowing silver altar of Zin.
   217 | D        | Found a glowing golden altar of the Shining One.
   258 | D        | Noticed an ogre
   258 | D        | Noticed a troll
   258 | D        | Noticed a vampire
   258 | D        | Noticed an ogre
   258 | D        | Noticed a centaur
   265 | D        | Killed a centaur
   265 | D        | Reached skill level 8 in Unarmed Combat
   265 | D        | Reached XP level 4. HP: 12/22 MP: 5/5
   346 | D        | Killed an ogre
   346 | D        | Reached skill level 5 in Fighting
   346 | D        | Reached skill level 9 in Unarmed Combat
   346 | D        | Reached XP level 5. HP: 10/26 MP: 6/6
   572 | D        | HP: 1/26 [vampire (12)]
   578 | D        | Killed a vampire
   578 | D        | Reached skill level 11 in Unarmed Combat
   578 | D        | Gained mutation: You are covered in thick fur. (AC +2) [Felid growth]
   578 | D        | Reached XP level 6. HP: 31/31 MP: 7/7
   622 | D        | Killed a troll
   622 | D        | Reached skill level 10 in Dodging
   622 | D        | Reached skill level 12 in Unarmed Combat
   622 | D        | Reached XP level 7. HP: 25/34 MP: 8/8
   676 | D        | Noticed a centaur warrior
   676 | D        | Noticed a troll
   676 | D        | Noticed a centaur warrior
   676 | D        | Noticed a cyclops
   684 | D        | Mangled by a cyclops
   685 | D        | Reached XP level 6. HP: -10/31 MP: 7/7
   760 | D        | Noticed an orc warrior
   763 | D        | Noticed an orc warrior
   768 | D        | Killed an orc warrior
   768 | D        | Reached skill level 5 in Stealth
   768 | D        | Reached skill level 13 in Unarmed Combat
   988 | D        | Killed an orc warrior
   988 | D        | Reached XP level 7. HP: 35/35 MP: 8/8
  1223 | D        | Noticed a yak
  1223 | D        | Noticed a yak
  1224 | D        | Noticed a death yak
  1225 | D        | Noticed a death yak
  1226 | D        | Noticed a catoblepas
  1402 | D        | Noticed a death yak
  1422 | D        | Noticed a death yak
  1961 | D        | Noticed a death yak
  1963 | D        | Slain by a death yak
  1964 | D        | Reached XP level 6. HP: -2/31 MP: 7/7
  2030 | D        | Slain by a centaur warrior

Skill      XL: |  1  2  3  4  5  6 |
---------------+-------------------+-----
Dodging        | 5 6 7 9 11 | 11.4
Stealth        | 1 2 3 6 |  6.5
Unarmed Combat | 6 8 9 11 13 | 13.6
Fighting       | 4 5 6 |  6.6

Action                   |  1- 3 |  4- 6 |  7- 9 || total
-------------------------+-------+-------+-------++-------
Melee: Unarmed           |    27 |    60 |    45 ||   132
       Bite              |     7 |     9 |     6 ||    22
       Punch             |       |     2 |     3 ||     5
  Use: Potion            |       |     8 |       ||     8
 Stab: Sleeping          |     1 |     1 |       ||     2
       Distracted        |       |       |     2 ||     2
  Eat: Chunk             |     1 |       |       ||     1
Dodge: Dodged            |    15 |    53 |    17 ||    85
